Map: Vallée des cactus EC

Players

DRONELYFE

  • Race: Protoss Protoss

AgCl - Winner!

  • Race: Protoss Protoss

VOD

Have the link to the VOD?

Description

Time

  • Played on: May 12, 2015, 9:18 p.m.
  • Length: 7:25
Show
View Real Time Build Order
Export as new Build Order

DRONELYFE Protoss 

Build Orders:  

Get SALT Encoding   

  12  0:01  Probe  
  13  0:14  Probe  
  14  0:20  Pylon  
  14  0:38  Probe (Chrono Boost)  
  15  0:47  Probe (Chrono Boost)  
  16  0:52  Gateway  
  16  0:55  Probe (Chrono Boost)  
  17  1:07  Probe (Chrono Boost)  
  18  1:15  Probe (Chrono Boost)  
  19  1:20  Assimilator x2  
  19  1:24  Probe  
  20  1:31  Assimilator  
  20  1:32  Pylon  
  20  1:36  Probe  
  21  1:48  Probe (Chrono Boost)  
  21  1:49  Cybernetics Core  
  22  1:54  Pylon  
  22  2:00  Probe (Chrono Boost)  
  24  2:09  Probe (Chrono Boost)  
  24  2:16  Pylon  
  24  2:17  Probe (Chrono Boost)  
  25  2:26  Warp Gate  
  25  2:27  Probe (Chrono Boost)  
  26  2:30  Stalker (Chrono Boost)  
  26  2:34  Probe  
  27  2:47  Probe  
  27  2:56  Stalker (Chrono Boost)  
  27  3:21  Stargate  
  27  3:29  Pylon  
  27  3:31  Forge  
  27  3:47  Zealot  
  29  3:51  Pylon  
  29  4:09  Phoenix (Chrono Boost)  
  27  4:15  Probe (Chrono Boost)  
  29  4:25  Probe (Chrono Boost)  
  32  4:31  Oracle (Chrono Boost)  
  32  4:32  Probe (Chrono Boost)  
  33  4:42  Probe (Chrono Boost)  
  34  4:49  Probe  
  38  5:02  Probe, Oracle (Chrono Boost)  
  38  5:03  Gateway  
  38  5:05  Gateway  
  39  5:14  Probe  
  40  5:17  Stalker  
  42  5:24  Photon Cannon  
  42  5:26  Probe  
  43  5:38  Probe  
  43  5:40  Stalker  
  46  5:50  Probe  
  47  6:02  Probe  
  42  6:14  Probe  
  43  6:19  Stalker  
  45  6:28  Stalker x2  
  45  6:31  Nexus  
  45  6:32  Pylon  
  49  6:37  Oracle (Chrono Boost)  
  52  6:44  Stalker  
  54  6:51  Sentry x2  
  61  7:11  Pylon  
  61  7:13  Assimilator  
  61  7:18  Assimilator  
  61  7:21  Pylon  
Show
View Real Time Build Order
Export as new Build Order

AgCl Protoss - Winner!

Build Orders: Oracle Opening, Oracle Opening 

Get SALT Encoding   

  12  0:10  Pylon  
  12  0:32  Gateway  
  12  0:36  Probe (Chrono Boost), Assimilator  
  13  0:46  Probe (Chrono Boost)  
  14  0:53  Probe  
  15  1:03  Pylon  
  15  1:05  Probe (Chrono Boost)  
  16  1:15  Probe (Chrono Boost)  
  17  1:22  Zealot (Chrono Boost)  
  19  1:29  Cybernetics Core  
  19  1:32  Probe  
  20  1:44  Probe  
  21  1:49  Zealot (Chrono Boost)  
  23  1:56  Probe  
  24  2:05  Stargate  
  24  2:08  Probe (Chrono Boost)  
  25  2:18  Probe (Chrono Boost)  
  26  2:25  Probe  
  27  2:38  Probe  
  28  2:50  Probe  
  29  2:53  Gateway  
  30  3:07  Oracle (Chrono Boost)  
  29  3:15  Gateway  
  29  3:16  Warp Gate (Chrono Boost)  
  29  3:17  Pylon  
  29  3:22  Assimilator  
  29  3:48  Nexus  
  29  3:51  Pylon  
  29  3:52  Mothership Core (Chrono Boost)  
  28  4:20  Probe  
  29  4:26  Robotics Facility  
  29  4:28  Pylon  
  29  4:32  Probe  
  30  4:39  Pylon  
  30  4:41  Pylon  
  30  4:44  Probe  
  31  4:48  Forge  
  31  4:56  Probe  
  32  5:01  Phoenix (Chrono Boost)  
  32  5:05  Probe, Twilight Council  
  35  5:08  Probe  
  36  5:20  Probe  
  38  5:26  Nexus  
  38  5:34  Probe (Chrono Boost)  
  38  5:35  Assimilator  
  39  5:38  Probe (Chrono Boost)  
  39  5:47  Probe (Chrono Boost)  
  39  5:48  Probe (Chrono Boost)  
  41  6:02  Probe  
  39  6:13  Probe (Chrono Boost)  
  39  6:16  Dark Shrine  
  39  6:18  Probe (Chrono Boost)  
  39  6:19  Photon Cannon  
  39  6:21  Photon Cannon  
  39  6:23  Assimilator  
  39  6:25  Probe (Chrono Boost)  
  42  6:32  Probe (Chrono Boost)  
  42  6:33  Probe (Chrono Boost)  
  42  6:41  Probe (Chrono Boost)  
  42  6:43  Photon Cannon  
  42  6:46  Probe (Chrono Boost)  
  45  6:47  Assimilator  
  45  6:49  Probe (Chrono Boost)  
  45  6:52  Probe (Chrono Boost)  
  46  6:58  Probe (Chrono Boost)  
  46  6:59  Probe (Chrono Boost)  
  46  7:00  Probe (Chrono Boost)  
  49  7:07  Probe (Chrono Boost)  
  52  7:10  Probe (Chrono Boost)  
  52  7:14  Probe (Chrono Boost)  
Tags
 
Add a new tag
Caveats
  • Supply blocks, unpowered buildings, or Contaminate may cause inaccurate times.
  • Supply counts are checked every 10 seconds.